 Dungeon Crawl Stone Soup version 0.31-a0-845-g9abc20d24f (webtiles) character file.

Game seed: 7273894091035517161

83 Danienth the Changeling (level 5, 0/40 HPs)
             Began as a Meteoran Shapeshifter on Oct 3, 2023.
             Slain by a jelly (2 damage)
             ... on level 3 of the Dungeon.
             The game lasted 00:05:06 (981 turns).

Danienth the Changeling (Meteoran Shapeshifter)      Turns: 981, Time: 00:05:07

Health: 0/40       AC:  0    Str: 15    XL:     5   Next: 2%
Magic:  6/6        EV: 13    Int: 11    God:
Gold:   73         SH:  0    Dex: 16    Spells: 4/4 levels left

rFire   . .          .
                       - Unarmed
rCold   . . .        (no shield)
rNeg    . . .        a - +1 animal skin
rPois   .            (helmet currently unavailable)
rElec   .            (cloak currently unavailable)
rCorr   .            (gloves currently unavailable)
SInv    .            (boots currently unavailable)
Will    .....        (no amulet)
Stlth   +            (no ring)
HPRegen 0.26/turn    (no ring)
MPRegen 0.10/turn

%: no passive effects
@: beast-form, corroded, glowing
A: beast (slay +2), sense surroundings 1, otherworldly, glowing, explore regen
a: Begin Untransformation


You were on level 3 of the Dungeon.
You were a hulking beast.
You visited 1 branch of the dungeon, and saw 3 of its levels.

You collected 73 gold pieces.

Inventory:

Armour
 a - a +1 animal skin (worn)
 k - a +0 pair of gloves
Magical Staves
 b - a staff of death
Talismans
 c - a beast talisman (active)
 d - a flux talisman
 j - a storm talisman
Scrolls
 e - a scroll of identify
Potions
 f - 2 potions of heal wounds
 g - a potion of enlightenment
 h - a potion of might


   Skills:
 + Level 1.4 Fighting
 - Level 2.0 Armour
 + Level 2.8 Dodging
 * Level 0.6 Stealth
 * Level 3.9 Unarmed Combat
 * Level 4.5 Shapeshifting


You had 4 spell levels left.
You didn't know any spells.
Your spell library was empty.

Dungeon Overview and Level Annotations

Branches:
Dungeon (3/15) Zot: 828

Altars:

Shops:
D:2 [


Innate Abilities, Weirdness & Mutations

You are a hulking beast.
Your limbs bulge with bestial killing power. (Slay +2)
You passively map a small area around you.
You are easily found by Zot.
You glow in the dark.
You regain HP and MP as you explore.


Message History

The jelly hits you.
You are splashed with acid.
The bat hits you.
* * * LOW HITPOINT WARNING * * *
You are too injured to fight recklessly!
You are too injured to fight recklessly!
You are too injured to fight recklessly!
You are too injured to fight recklessly!
Attack: -) Nothing wielded
Press: ? - help, Dir - move target, f - bat
Aim: a bat (about 43% to evade your hands)
You completely miss the bat. The bat hits you.
* * * LOW HITPOINT WARNING * * *
The jelly misses you.
Attack: -) Nothing wielded
Press: ? - help, Dir - move target, f - jelly, p - bat
Aim: a jelly (moderately wounded, about 9% to evade your hands)
You hit the jelly.
Your hands burn!
* * * LOW HITPOINT WARNING * * *
The jelly is heavily wounded.
The bat closely misses you. The jelly closely misses you.
Attack: -) Nothing wielded
Press: ? - help, Dir - move target, f/p - jelly
Aim: a jelly (heavily wounded, about 9% to evade your hands)
You hit the jelly.
Your hands burn!
* * * LOW HITPOINT WARNING * * *
The jelly is heavily wounded.
The bat hits you.
* * * LOW HITPOINT WARNING * * *
The jelly barely misses you.
Attack: -) Nothing wielded
Press: ? - help, Dir - move target, f/p - jelly
Aim: a jelly (heavily wounded, about 9% to evade your hands)
You hit the jelly but do no damage.
Your hands burn!
* * * LOW HITPOINT WARNING * * *
The jelly is heavily wounded.
The bat hits you.
* * * LOW HITPOINT WARNING * * *
The bat hits you.
* * * LOW HITPOINT WARNING * * *
The jelly hits you.
You die...

, * * , * , , , *,
** * .. , .....[
########
*......####......#
................#
* ,
.........bhJ..# ,#
<..........##### #
#. ,#.#.......#
#.#.###.#...†...#
.......#.......#
#..........####
,,#.....#.####
*#.....#.#
#.###<#.#


You could see a jelly and a bat.

Vanquished Creatures
  2 adders (D:2)
  A worm (D:2)
  3 dart slugs
  A bat (D:1)
  5 endoplasms
  3 giant cockroaches (D:1)
  A goblin (D:1)
  4 hobgoblins
  4 jackals (D:1)
  3 quokkas
  6 ball pythons
  5 frilled lizards
  8 kobolds
  8 rats
54 creatures vanquished.

Notes
Turn   | Place    | Note
-------+----------+-------------------------------------------
     0 | D:1      | Danienth the Meteoran Shapeshifter began the quest for the
                  | Orb.
     0 | D:1      | Reached XP level 1. HP: 16/16 MP: 2/2
    58 | D:1      | Reached XP level 2. HP: 22/23 MP: 3/3
    76 | D:1      | Reached skill level 1 in Armour
   173 | D:1      | Reached skill level 4 in Shapeshifting
   201 | D:1      | Reached XP level 3. HP: 28/28 MP: 4/4
   505 | D:1      | Glimpsed the power of Zot.
   555 | D:1      | Glimpsed the power of Zot.
   596 | D:2      | Reached XP level 4. HP: 35/35 MP: 5/5
   837 | D:2      | Identified the +4 ring mail "Cinwoq" {rElec rPois rC+ MP-9}
   902 | D:2      | Found Ehut's Antique Armour Shoppe.
   939 | D:2      | Reached XP level 5. HP: 37/40 MP: 6/6
   981 | D:3      | HP: 2/40 [bat (1)]
   981 | D:3      | Slain by a jelly

Illustrated notes

Levels and vault maps discovered:
D:1:      psy_arrival_basics, layout_basic, corexii_item_surrounded_by_moat,
          reono_crystal_passage, dk_noncrumbling_3, st_stairs_3, minmay_cupped
D:2:      layout_basic, basic_altar, serial_shops, nicolae_diamond_shop
D:3:      layout_basic, mainiacjoe_overflow_alcove_2, grunt_decor_resistance,
          uniq_natasha

Skill      XL: |  1  2  3 |
---------------+----------+-----
Armour         | 1 2 |  2.0
Shapeshifting  | 4 |  4.5
Fighting       | |  1.4
Dodging        | |  2.8
Stealth        | |  0.6
Unarmed Combat | |  3.9

Action                     |  1- 3 |  4- 6 || total
---------------------------+-------+-------++-------
  Melee: Unarmed           |    94 |    53 ||   147
         Punch             |     1 |     1 ||     2
    Use: Potion            |     2 |       ||     2
         Scroll            |       |     5 ||     5
 Armour: Animal skin       |    35 |    28 ||    63
         Skin              |    22 |       ||    22
  Dodge: Dodged            |    52 |    27 ||    79

Table legend: (Time is in decaauts)
 A = Elapsed time spent in this place.
 B = Non-inter-level travel time spent in this place.
 C = Inter-level travel time spent in this place.
 D = Time resting spent in this place.
 E = Time spent auto-exploring this place.
 F = Levels seen in this place.
 G = Mean time per level.
                   A        B        C        D        E       F      G
               +--------+--------+--------+--------+--------+-----+--------+
         Total |    970 |    910 |     60 |    131 |    498 |   3 |  323.3 |
       Dungeon |    970 |    910 |     60 |    131 |    498 |   3 |  323.3 |
               +--------+--------+--------+--------+--------+-----+--------+

Top non-repeatable levels by time:
     D:1: 563 daAuts
     D:2: 377 daAuts
     D:3: 30 daAuts
